[gd_scene load_steps=11 format=2]

[ext_resource path="res://tools/Tool.tscn" type="PackedScene" id=1]
[ext_resource path="res://tools/eagle speed/sprites/eagle still.png" type="Texture" id=2]
[ext_resource path="res://tools/eagle speed/sprites/eagle whoosh.png" type="Texture" id=3]
[ext_resource path="res://tools/eagle speed/sprites/eagle prep.png" type="Texture" id=4]
[ext_resource path="res://tools/eagle speed/Eagle.gd" type="Script" id=5]
[ext_resource path="res://tools/eagle speed/sfx/big_woosh.wav" type="AudioStream" id=6]

[sub_resource type="Animation" id=1]
resource_name = "eagle prep"
length = 1.5
tracks/0/type = "value"
tracks/0/path = NodePath(".:texture")
tracks/0/interp = 1
tracks/0/loop_wrap = true
tracks/0/imported = false
tracks/0/enabled = true
tracks/0/keys = {
"times": PoolRealArray( 0, 0.1, 1.5 ),
"transitions": PoolRealArray( 1, 1, 1 ),
"update": 1,
"values": [ ExtResource( 2 ), ExtResource( 4 ), ExtResource( 2 ) ]
}

[sub_resource type="Animation" id=2]
tracks/0/type = "value"
tracks/0/path = NodePath(".:texture")
tracks/0/interp = 1
tracks/0/loop_wrap = true
tracks/0/imported = false
tracks/0/enabled = true
tracks/0/keys = {
"times": PoolRealArray( 0, 0.1, 1 ),
"transitions": PoolRealArray( 1, 1, 1 ),
"update": 1,
"values": [ ExtResource( 4 ), ExtResource( 3 ), ExtResource( 2 ) ]
}

[sub_resource type="RectangleShape2D" id=3]
extents = Vector2( 16.402, 10 )

[sub_resource type="RectangleShape2D" id=4]
extents = Vector2( 42.1087, 143.697 )

[node name="SuperEagle" instance=ExtResource( 1 )]
script = ExtResource( 5 )
tool_name = "Super Dash"
ui_offset = Vector2( 0, 10 )
ui_scale = 0.72
dash_duration = 1.0

[node name="Sprite" parent="." index="0"]
self_modulate = Color( 1, 0.937255, 0, 1 )
position = Vector2( 0, -32 )
texture = ExtResource( 2 )

[node name="AnimationPlayer" type="AnimationPlayer" parent="Sprite" index="0"]
"anims/eagle prep" = SubResource( 1 )
"anims/eagle whoosh" = SubResource( 2 )

[node name="CollisionShape2D" parent="ActiveArea" index="0"]
position = Vector2( 0, -8 )
shape = SubResource( 3 )

[node name="TriggerArea" type="Area2D" parent="." index="3"]

[node name="CollisionShape2D" type="CollisionShape2D" parent="TriggerArea" index="0"]
position = Vector2( -63.6554, -80.0418 )
shape = SubResource( 4 )

[node name="woosh" type="AudioStreamPlayer" parent="TriggerPlayers" index="0"]
stream = ExtResource( 6 )
volume_db = -5.0
